 Dungeon Crawl Stone Soup version 0.22.1-1-ga44c0e56f4 (webtiles) character file.

85 Kaderl the Covered (level 4, -1/35 HPs)
             Began as a Human Fighter on Oct 13, 2018.
             Slain by an adder (4 damage)
             ... on level 3 of the Dungeon.
             The game lasted 00:03:45 (1249 turns).

Kaderl the Covered (Human Fighter)                  Turns: 1249, Time: 00:03:46

Health: -1/35      AC:  6    Str: 16    XL:     4   Next: 75%
Magic:  4/4        EV:  9    Int:  9    God:
Gold:   49         SH:  0    Dex: 13    Spells: 3/3 levels left

rFire    . . .     SeeInvis .   h - +0 great sword
rCold    . . .     Gourm    .   (shield currently unavailable)
rNeg     . . .     Faith    .   b - +0 scale mail
rPois    .         Spirit   .   (no helmet)
rElec    .         Reflect  .   (no cloak)
rCorr    .         Harm     .   (no gloves)
MR       .....                  (no boots)
Stlth    ..........             (no amulet)
HPRegen  0.11/turn              (no ring)
MPRegen  0.09/turn              (no ring)

@: lethally poisoned (-1 -> -2)
A: no striking features
a: no special abilities


You were on level 3 of the Dungeon.
You were not hungry.

You visited 1 branch of the dungeon, and saw 3 of its levels.

You collected 49 gold pieces.

Inventory:

Hand Weapons
 h - a +0 great sword (weapon)
Armour
 b - a +0 scale mail (worn)
Jewellery
 c - an uncursed ring of flight {unknown}
 e - an uncursed amulet of harm {unknown}
 l - a +3 ring of intelligence {unknown}
Scrolls
 a - 4 scrolls of identify {unknown}
 g - a scroll of enchant weapon {unknown}
 i - a scroll of immolation {unknown}
 j - a scroll of teleportation {unknown}
 k - a scroll of magic mapping {unknown}
 m - a scroll of blinking {unknown}
Potions
 d - a potion of might
Comestibles
 f - a ration


   Skills:
 + Level 3.2 Fighting
 + Level 3.5 Long Blades
 + Level 3.6 Armour
 + Level 0.4 Dodging
 + Level 0.1 Stealth
   Level 3.1 Shields


You had 3 spell levels left.
You didn't know any spells.
Your spell library was empty.

Dungeon Overview and Level Annotations

Branches:
Dungeon (2/15)

Altars:
Zin

Annotations:
D:3 Robin


Message History

* * * LOW HITPOINT WARNING * * *
The goblin hits the plant.
The quokka bites something but does no damage.
The goblin hits the plant with a club.
The frilled lizard bites the plant but does no damage.
The goblin hits the plant but does no damage.
The goblin hits the plant with a club. x2
The adder bites you but does no damage.
The goblin splashes around in the water.
The goblin hits the plant.
The goblin hits the plant but does no damage.
The rat bites something but does no damage.
The goblin hits the plant but does no damage.
The goblin hits something with a dagger.
The frilled lizard bites the plant.
You barely miss the adder.
The adder is heavily wounded.
The goblin no longer looks unusually strong. x5
The adder bites you.
You die...

#.......#.###.# ..##
#####>......#.# ...
#.....###.###...#
#(..............#
######..#[.#....# ....
####...## ..# ...#
#......####### ...#
#.......≈PP.#####..##
#....@P≈PP≈P........#
#...PPSPPP≈.g.......#
##..PPPg♣glgPg.......#.
#.PPP♣≈ggPPP.g.......P.
#PPP.)≈♣≈≈PrgPggg......P≈≈
#P≈P≈≈≈♣PP≈≈..r######..P≈.≈
#PP≈≈≈≈♣P...(.## .gP≈≈.
#.≈≈≈≈♣♣PPPP...# .Pgg≈≈
#..P≈≈≈≈♣PPP.### ...g≈≈


You could see Robin, an adder, a quokka, 11 goblins, a frilled lizard and a rat.

Vanquished Creatures
  An orc wizard (D:3)
  An adder (D:2)
  An ooze (D:1)
  A worm (D:3)
  2 dart slugs
  2 leopard geckos
  2 orcs (D:3)
  A ball python (D:3)
  3 bats (D:2)
  3 giant cockroaches (D:2)
  2 goblins (D:1)
  2 hobgoblins (D:2)
  4 jackals (D:1)
  A frilled lizard (D:2)
  3 kobolds
  7 rats
36 creatures vanquished.

Notes
Turn   | Place    | Note
-------+----------+-------------------------------------------
     0 | D:1      | Kaderl the Human Fighter began the quest for the Orb.
     0 | D:1      | Reached XP level 1. HP: 18/18 MP: 1/1
    61 | D:1      | Reached XP level 2. HP: 10/24 MP: 2/2
   568 | D:2      | Reached XP level 3. HP: 22/29 MP: 3/3
   578 | D:2      | Found a glowing silver altar of Zin.
   885 | D:2      | Reached XP level 4. HP: 35/35 MP: 4/4
   932 | D:2      | You fall through a shaft!
  1233 | D:3      | Noticed Robin
  1249 | D:3      | Slain by an adder

Skill      XL: |  1  2  3 |
---------------+----------+-----
Long Blades    | 3 |  3.5
Fighting       | |  3.2
Armour         | |  3.6
Dodging        | |  0.4
Stealth        | |  0.1
Shields        | |  3.1

Action                   |  1- 3 |  4- 6 || total
-------------------------+-------+-------++-------
Melee: Long sword        |    39 |       ||    39
       Great sword       |    35 |    48 ||    83
  Eat: Ration            |       |     1 ||     1
Armor: Scale mail        |    51 |    24 ||    75
Dodge: Dodged            |    42 |    41 ||    83
Block: Shield            |    21 |       ||    21
       Rpst.: Long sword |     6 |       ||     6
       Great sword       |     9 |    11 ||    20
